Cogmind - Beta 15 @@@ ROGUE MODE // 2025.06.06 @ 16:43:47 Player: irisidem Result: Destroyed by Autobeam Turret with Autobeam Performance ------------- Evolutions (0) 0 Regions Visited (3) 600 Robots Destroyed (35) 175 Value Destroyed (824) 824 Prototype IDs (0) 0 Alien Tech Used (0) 0 Bonus (0) 0 TOTAL SCORE: 1599 Bonus ------- None Cogmind --------- Core Integrity 0/250 Matter 300/300 Energy 200/200 System Corruption 4% Temperature Cool (18) Movement Rolling (110) Location -10/Subcaves Parts ------- > --- POWER (1) -------- Subdweller Power Source > --- PROPULSION (2) --- Subdweller Monowheel > --- UTILITY (2) ------ Improved Targeting Computer Improved Targeting Computer > --- WEAPON (2) ------- Subdweller Beam Cannon > --- INVENTORY (5) ---- Subdweller Power Source Faulty Experimental Sensor Array Riot Gun Subdweller Beam Cannon Makeshift Spear Peak State ------------ > --- POWER ------------ Light Nuclear Core > --- PROPULSION ------- Subdweller Monowheel Subdweller Monowheel > --- UTILITY ---------- Improved Targeting Computer Improved Targeting Computer > --- WEAPON ----------- Subdweller Beam Cannon Makeshift Spear > --- INVENTORY -------- Subdweller Power Source Subdweller Power Source Subdweller Monowheel Experimental Sensor Array Barrage Gun [Rating: 18] Favorites ----------- Power Light Nuclear Core Engine Ion Engine Power Core Light Nuclear Core Propulsion Aluminum Leg Leg Aluminum Leg Wheel Subdweller Monowheel Utility Improved Targeting Computer Storage Small Storage Unit Processor Improved Targeting Computer Weapon Particle Cannon Energy Gun EM Pulse Gun Energy Cannon Particle Cannon Ballistic Gun Barrage Gun Launcher Grenade Launcher Piercing Weapon Makeshift Spear Build | -11 -10 -10 -10 ------- Run | Yrd Mat Min Sub Slots Evolved . | . . . . Power . | . . . . Propulsion . | . . . . Utility . | . . . . Weapon . | . . . . Parts Attached 29 | 3 11 2 13 Power 4 | 1 . 1 2 Engine 3 | 1 . . 2 Core 1 | . . 1 . Reactor . | . . . . Propulsion 9 | 2 2 . 5 Treads . | . . . . Leg 6 | 2 2 . 2 Wheel 3 | . . . 3 Hover . | . . . . Flight . | . . . . Utility 4 | . 4 . . Device . | . . . . Storage 1 | . 1 . . Processor 3 | . 3 . . Hackware . | . . . . Protection . | . . . . Artifact . | . . . . Weapon 12 | . 5 1 6 Energy Gun 3 | . 1 . 2 Energy Cannon 5 | . 2 1 2 Ballistic Gun 2 | . 1 . 1 Ballistic Cannon . | . . . . Launcher 1 | . 1 . . Special Weapon . | . . . . Impact Weapon . | . . . . Slashing Weapon . | . . . . Piercing Weapon 1 | . . . 1 Special Melee Weapon . | . . . . Unidentified Prototypes . | . . . . Parts Lost 8 | . 1 1 6 Power 2 | . . 1 1 Propulsion 3 | . . . 3 Utility . | . . . . Weapon 3 | . 1 . 2 Highest Loss Streak 2 | . 1 1 2 To Critical Strikes 1 | . . . 1 Average Backups 4 | 3 4 3 4 Power 1 | . 1 1 1 Propulsion 1 | . 1 2 . Utility . | . . . 1 Weapon . | 1 2 . . Tool/Special . | . . . . Unused Backups 10 | . 1 4 5 Power 1 | . . . 1 Propulsion 3 | . . 3 . Utility 2 | . . 1 1 Weapon 4 | . 1 . 3 Tool/Special . | . . . . Average Slot Usage (%) 96 | . 94 99 96 Engine 5 | . 14 9 2 Core 7 | . . 4 11 Leg 13 | . 28 28 5 Wheel 12 | . . . 19 Processor 27 | . 23 28 28 Energy Gun 3 | . 12 . 1 Energy Cannon 16 | . 8 28 16 Ballistic Gun 3 | . . . 4 Piercing Weapon 3 | . . . 4 Peak Build Rating 18 | 3 10 14 18 Average Rating 13 | 2 8 11 16 On Entrance 6 | . 3 10 14 Naked Turns . | . . . . Heaviest Build 21 | 5 15 13 21 Greatest Support 40 | 20 20 20 40 Greatest Overweight (x) 1 | . . . 1 Average Overweight (x) . | . . . . Largest Inventory Capacity 8 | 5 8 5 5 Average Capacity 5 | 5 5 5 5 Most Carried 6 | 5 6 5 5 Average Carried 4 | 3 4 4 4 Final Capacity 5 | 5 5 5 5 Final Carried 5 | 5 4 4 5 Class Distribution -------------------- 98% | Mutant Dominant Class ---------------- Mutant | -10/Materials Mutant | -10/Mines Mutant | -10/Subcaves Resources | -11 -10 -10 -10 ----------- Run | Yrd Mat Min Sub Matter Collected 663 | 65 353 70 175 Remotely . | . . . . Salvage Created 873 | . 416 161 296 Parts 63 | . 35 7 21 Haulers Intercepted . | . . . . Recyclers Shooed 1 | . 1 . . Parts Field Recycled . | . . . . Retrieved Matter . | . . . . Parts Self-Destructed 13 | . . . 13 Prevented . | . . . . Kills | -11 -10 -10 -10 ------- Run | Yrd Mat Min Sub Combat Hostiles Destroyed 27 | . 13 4 10 Guns 7 | . 6 . 1 Cannons 15 | . 2 4 9 AOE 5 | . 5 . . Classes Destroyed 7 | . 6 . 1 Worker 1 | . 1 . . Builder 3 | . 3 . . Tunneler 1 | . 1 . . Watcher 3 | . 3 . . Swarmer 10 | . 6 . 4 Grunt 11 | . 7 4 . Subdweller 6 | . . . 6 Best Kill Streak 8 | . 8 2 4 Combat Bots Only 4 | . 3 2 4 Max Kills in Single Turn 3 | . 3 1 1 Gunslinging . | . . . . Exploded 2 | . 2 . . Melee . | . . . . Uniques/NPCs Destroyed . | . . . . Combat | -11 -10 -10 -10 -------- Run | Yrd Mat Min Sub Hostile Shots Fired 128 | . 48 15 65 Missed 37 | . 15 2 20 Hits 91 | . 33 13 45 Projectile 91 | . 33 13 45 Critical Strikes 4 | . 1 2 1 Damage Taken 1266 | . 380 206 680 Core 254 | . 44 16 194 Absorbed by Shields . | . . . . Core Remaining (%) 100 | 100 . . . Volleys Fired 79 | . 38 8 33 Largest 2 | . 2 2 2 Hottest 160 | . 108 136 160 Shots Fired 124 | . 53 16 55 Gun 29 | . 25 . 4 Cannon 82 | . 15 16 51 Launcher 13 | . 13 . . Special . | . . . . Kinetic . | . . . . Thermal 86 | . 15 16 55 Explosive 13 | . 13 . . Electromagnetic 25 | . 25 . . Robot Hit Streak 21 | . 21 6 21 Robot Miss Streak 2 | . 2 1 1 Penetration Max . | . . . . Secondary Targets . | . . . . Shots Hit Robots 90 | . 38 12 40 Core Hits 53 | . 33 6 14 Critical Kills . | . . . . Critical Parts Destroyed . | . . . . Critical Strikes . | . . . . Melee Attacks . | . . . . Impact . | . . . . Slashing . | . . . . Piercing . | . . . . Sneak Attacks . | . . . . Combat Hostiles . | . . . . Follow-up Attacks . | . . . . Damage Inflicted 2536 | . 1318 252 966 Guns 378 | . 296 . 82 Cannons 1338 | . 206 248 884 Explosions 816 | . 816 . . Melee . | . . . . Ramming 4 | . . 4 . Kinetic . | . . . . Thermal 1485 | . 271 248 966 Explosive 751 | . 751 . . Electromagnetic 296 | . 296 . . Impact . | . . . . Slashing . | . . . . Piercing . | . . . . Highest Corruption 4 | . 4 4 4 Average Corruption 3 | . 3 4 4 Corruption Purged . | . . . . Corruption Blocked . | . . . . Effects 51 | . 1 10 40 Message Errors 12 | . . 1 11 Matter Fused 8 | . . 2 6 Heat Flow Errors 10 | . 1 3 6 Energy Discharges 13 | . . 3 10 Data Loss (minor) 4 | . . . 4 Data Loss (major) 3 | . . 1 2 Misfires 1 | . . . 1 Overload Shots . | . . . . Overflow Damage 70 | . 28 . 42 Projectiles 42 | . . . 42 Explosions 28 | . 28 . . Melee . | . . . . Knockbacks 1 | . . 1 . Impact 1 | . . 1 . Kinetic . | . . . . Secondary . | . . . . Self-Inflicted Damage 43 | . 43 . . Shots 2 | . 2 . . Rammed . | . . . . Targets Rammed 2 | . . 2 . Kicked 2 | . . 2 . Crushed . | . . . . Highest Temperature 315 | . 249 315 312 Average Temperature 103 | . 90 138 88 Received Heat Transfer 468 | . 159 150 159 Effects 1 | . 1 . . Interference 1 | . 1 . . Siege Activations . | . . . . Martial Activations . | . . . . Shielding Activations . | . . . . Robots Disrupted . | . . . . Combat Hostiles . | . . . . Robots Corrupted . | . . . . Combat Hostiles . | . . . . Parts Fried 1 | . 1 . . Impact Corruptions . | . . . . Robots Melted . | . . . . Combat Hostiles . | . . . . Parts Melted 2 | . 1 . 1 Heat Transferred 2396 | . 520 444 1432 Parts Sabotaged . | . . . . Parts Stolen . | . . . . Parts Stripped . | . . . . Power Chain Reactions 2 | . 2 . . Alert | -11 -10 -10 -10 ------- Run | Yrd Mat Min Sub Maximum Alert Level 1 | . 1 . . Low Security (%) 94 | 100 89 100 . Level 1 5 | . 10 . . Level 2 . | . . . . Level 3 . | . . . . Level 4 . | . . . . Level 5 . | . . . . High Security . | . . . . Max Security . | . . . . Peak Influence 224 | . 224 66 . Initial 66 | . . 66 . Average 95 | . 152 23 . Influence Increases 672 | . 437 110 125 Destroy 0b10 Robot/C 420 | . 260 80 80 Destroy 0b10 Robot/NC 40 | . 40 . . Destroy Leader 86 | . 66 20 . Trap Triggered on 0b10 10 | . . 10 . Successful Hack 17 | . 17 . . Destroy Structure 54 | . 54 . . Lose Combat Pursuer 45 | . . . 45 Influence Decreases 563 | . 266 281 16 Entered New Map 105 | . . 105 . Time Decay 438 | . 256 176 6 Lost Part 20 | . 10 . 10 Squads Dispatched 3 | . 3 . . Investigation . | . . . . Extermination . | . . . . Reinforcement 3 | . 3 . . Assault . | . . . . Garrison . | . . . . Intercept . | . . . . Searches Triggered . | . . . . Construction Impeded . | . . . . Haulers Reinforced . | . . . . Active Scanning Responses . | . . . . Cargo Convoy Interrupts . | . . . . Stealth | -11 -10 -10 -10 --------- Run | Yrd Mat Min Sub Distress Signals 2 | . 2 . . Communications Jammed . | . . . . Distress Signals . | . . . . Times Spotted 34 | . 17 4 13 Peak Tracking Total 5 | . 4 2 5 Tactical Retreats 1 | . . . 1 Traps | -11 -10 -10 -10 ------- Run | Yrd Mat Min Sub Traps Triggered 4 | . 3 . 1 Indirectly . | . . . . Trap Hack Attempts . | . . . . Triggered . | . . . . Disarmed . | . . . . Reprogrammed . | . . . . Reused 1 | . . 1 . Traps Extracted . | . . . . Installed 2 | . . 2 . Triggered 1 | . . 1 . Most Traps Carried 2 | . . 2 . Machines | -11 -10 -10 -10 ---------- Run | Yrd Mat Min Sub Machines Disabled . | . . . . Max in Single Turn . | . . . . Machines Repaired . | . . . . Machines Dismantled . | . . . . Machines Sabotaged . | . . . . Overloaded Fab Kills . | . . . . Hacking | -11 -10 -10 -10 --------- Run | Yrd Mat Min Sub Machines Accessed 6 | . 5 . 1 Terminals 5 | . 5 . . Fabricators . | . . . . Repair Stations . | . . . . Recycling Units . | . . . . Scanalyzers . | . . . . Garrison Access . | . . . . Total Hacks 15 | . 12 . 3 Successful 7 | . 4 . 3 Failed 8 | . 8 . . Catastrophic 2 | . 2 . . Database Lockouts . | . . . . Manual 8 | . 8 . . Terminals 12 | . 12 . . Fabricators . | . . . . Repair Stations . | . . . . Recycling Units . | . . . . Scanalyzers . | . . . . Garrison Access . | . . . . Terminal Hacks 7 | . 4 . 3 Record 3 | . . . 3 Robot Analysis 1 | . 1 . . Branch Access Points 1 | . 1 . . Zone Layout 2 | . 2 . . Fabricator Hacks . | . . . . Repair Station Hacks . | . . . . Recycling Unit Hacks . | . . . . Scanalyzer . | . . . . Garrison Access Hacks . | . . . . Unauthorized Hacks . | . . . . Terminals . | . . . . Fabricators . | . . . . Repair Stations . | . . . . Recycling Units . | . . . . Scanalyzers . | . . . . Garrison Access . | . . . . Data Cores Recovered . | . . . . Used . | . . . . Hacking Detections 3 | . 3 . . Full Trace Events . | . . . . Feedback Events . | . . . . Feedback Blocked . | . . . . Robot Schematics Acquired . | . . . . Robots Built . | . . . . Authchips . | . . . . Time . | . . . . Total Robot Build Rating . | . . . . Part Schematics Acquired . | . . . . Parts Built . | . . . . Authchips . | . . . . Time . | . . . . Total Part Build Rating . | . . . . Parts Repaired . | . . . . Time . | . . . . Parts Recycled . | . . . . Recycled Matter . | . . . . Retrieved Matter . | . . . . Retrieved Components . | . . . . Parts Scanalyzed . | . . . . Part Schematics Acquired . | . . . . Parts Damaged . | . . . . Bothacking | -11 -10 -10 -10 ------------ Run | Yrd Mat Min Sub Used RIF Installer . | . . . . Robots Hacked . | . . . . Non-combat . | . . . . Combat . | . . . . Robot Hacks Applied . | . . . . Relay Couplers Released . | . . . . Fabnet Peak Effective % . | . . . . Robots Rewired . | . . . . Allies Hacked . | . . . . Hacks Repelled . | . . . . Allies | -11 -10 -10 -10 -------- Run | Yrd Mat Min Sub Total Allies . | . . . . Largest Group . | . . . . Highest-Rated Group . | . . . . Highest-Rated Ally . | . . . . Total Orders . | . . . . Ally Attacks . | . . . . Total Damage . | . . . . Kills . | . . . . Allies Corrupted . | . . . . Allies Melted . | . . . . Intel | -11 -10 -10 -10 ------- Run | Yrd Mat Min Sub Active Infowar (turns) . | . . . . Robot Analysis Total 1 | . 1 . . Derelict Logs Recovered 6 | . . 3 3 Drone Launches . | . . . . Drone Recoveries . | . . . . Exploration | -11 -10 -10 -10 ------------- Run | Yrd Mat Min Sub Turns Passed 2855 | 42 596 420 1797 Spaces Moved 2162 | 34 377 306 1445 Core 13 | 13 . . . Treads . | . . . . Legs 828 | 21 377 306 124 Wheels 1321 | . . . 1321 Hover . | . . . . Flight . | . . . . Fastest Speed 50 | 50 120 120 110 Average Speed 113 | 93 120 120 111 Slowest Speed 120 | 120 120 120 120 Overloaded Moves . | . . . . Propulsion Burnouts . | . . . . Robots Hopped . | . . . . Potential Cave-ins . | . . . . Cave-ins Triggered . | . . . . Exploration Rate (%) 54 | 4 55 77 80 Regions Visited 3 Branch Regions 2 Pre-discovered Areas 4 | . . 2 2 Known Exits Taken 1 | . 1 . . Unknown Exits Taken 2 | 1 . 1 . Scrap Searched 6 | . . 1 5 Spaces Dug . | . . . . Terrain Destroyed 56 | . 55 . 1 Melee . | . . . . Projectile 1 | . . . 1 AOE 55 | . 55 . . Terrain Rammed . | . . . . Walls Destroyed . | . . . . Machines Disabled . | . . . . Actions | -11 -10 -10 -10 --------- Run | Yrd Mat Min Sub Total 2437 | 44 468 345 1580 Wait 98 | . 25 11 62 Move 2159 | 33 376 305 1445 Hop . | . . . . Pick Up 43 | 8 12 8 15 Fast Attach . | . . . . Attach 16 | 3 6 1 6 Detach 1 | . . . 1 Swap 14 | . 5 1 8 Drop 23 | . 6 7 10 Fire 79 | . 38 8 33 Melee . | . . . . Ram . | . . . . Kick 2 | . . 2 . Crush . | . . . . Escape Stasis . | . . . . Rewire . | . . . . Trap 2 | . . 2 . Miscellaneous . | . . . . Route ------- -11/Scrapyard -10/Materials (discovered 3 exits: [*Mat x2] / *Min) -10/Mines (discovered 2 exits: [*Mat] / *Sub) -10/Subcaves (discovered 2 exits: [*Mat] / *Rec) History --------- Turn | Location | Event 3 | -11/Scrapyard | Discovered new exit (range 16) 43 | -11/Scrapyard | Entered Materials 336 | -10/Materials | Build established: Mutant 360 | -10/Materials | Discovered new exit (range 7) 372 | -10/Materials | Identified exit to Mines 443 | -10/Materials | Discovered new exit (range 16) 639 | -10/Materials | Entered Mines 697 | -10/Mines | Met a Derelict bent on vengeance 716 | -10/Mines | Learned location of Zion (-7) 755 | -10/Mines | Found a hidden stash of uninstalled traps 797 | -10/Mines | Discovered new exit (range 16) 849 | -10/Mines | Learned Materials terminal intel 1017 | -10/Mines | Found a damaged Exp. Sensor Array with a note attached 1021 | -10/Mines | Found Prototype Device 1032 | -10/Mines | Discovered new exit (range 11) 1059 | -10/Mines | Entered Subcaves 1322 | -10/Subcaves | Discovered new exit (range 13) 1327 | -10/Subcaves | Shifting Twisted Machinery released Barrage Gun 1343 | -10/Subcaves | Shifting Twisted Machinery released Mak. Shrapnel Gun 1442 | -10/Subcaves | Visited Clippyterm 1445 | -10/Subcaves | Learned Factory trap positions 1651 | -10/Subcaves | Met a Zionite searching for "candidates" 2002 | -10/Subcaves | A swath of the cavern ceiling suddenly collapsed 2231 | -10/Subcaves | Shifting Twisted Machinery released Battle Rifle 2233 | -10/Subcaves | Shifting Twisted Machinery released Spk. Treads 2549 | -10/Subcaves | Core integrity fell below 50% 2698 | -10/Subcaves | Identified exit to Recycling 2821 | -10/Subcaves | Core integrity fell below 20% 2856 | -10/Subcaves | Destroyed by Autobeam Turret with Autobeam Last Messages --------------- System corrupted: Heat flow error (+223). System corrupted: Heat flow error (+216). S-10 Pest destroyed. Sub. Monowheel destroyed. Destroyed Lgt. Ion Engine. Destroyed Flight Unit. S-10 Pest destroyed. GL=2UBK:LWQO1=TBJYQFPPM Lgt. Ion Engine fries itself beyond repair. Lgt. Assault Rifle fries itself beyond repair. Destroyed Lgt. Ion Engine. Destroyed Flight Unit. S-10 Pest destroyed. Acquired 10 matter. Sub. Power Source shoots sparks and powers down. Flight Unit fries itself beyond repair. Lgt. Ion Engine fries itself beyond repair. Acquired 10 matter. IUWEFSHJ0FDP/9FWYFNL#?????##"##?# | | ##???# t""##?????### ### | | ### ##???######### "#??????### # | | ???# #????????????? "#???????## # | | ???## #?????????????? """#????????#### | | ????# #????????????????##????????????# | | ##### ### ##??????????????????????????????# | | # ###### ##??????????????????????????????# | | ##?????????????????????????????# | | #????????????????????????????## | | ##???????????????????????????## | | ### #????????????????????????##### | | #?##### #????????????????????????# # | | ##????# #????????????????????????## | | #???## ##????????????????????????# | | ##??# ##?????????????????????????## # ## | | ##?# ##?????????#######????????### ###? | | #?# ##?????#####"""""#???????## ## ##?? | | ##?# ####### ##""X""#???????# #?? | | ##??##### % ##" "###?????## ##? | | ##???????# ! #?### ### ######## # ## | | ##?####### #??## ## ## ## # | | #?# #?## # #### | | #?# ### ## ###??### | +----------------------------------------------------+ Best States ------------- Heat Dissipation 25 Energy Generation 15 Energy Capacity 250 Matter Stores 300 Matter Capacity 300 Sight Range 16 Terrain Scan Density 10 Evasion (%) 55 Targeting Accuracy 12 Item Schematics ----------------- None Robot Schematics ------------------ None Fabricated ------------ Nothing Repaired ---------- Nothing Alien Tech Used ----------------- None Achievements -------------- None Challenges ------------ None Game ------ Seed RocketCompactImmobilizer Manual? 0 Play Time 00:28:45 Cumulative 21.7 hours Start 2025.06.06 @ 16:15:14 End 2025.06.06 @ 16:43:47 Sessions 1 Manual Loads 0 Difficulty Rogue Special Mode None Game No. 56 Rogue 47 Adventurer 9 Explorer 0 Win Type - Total 0 Types 0/0/0/0/0/0/0/0/0/0 Lore% 12 Gallery% 28 Achievement% 27 Wizard Run 0 Options --------- Layout 0 ASCII 0 Keyboard 0 Movement Numpad Keybinds 0 Fullscreen 1 Font 18/SmallcapsGlow Map View 76x50 Zoom Use 0% Tactical HUD 0 Map Filters NONE Filters NONE Steam 1 RUN: d1b4cf62-5f85-42ce-9c32-302ec9c490f4